[Event "South Island Championships 2023"]
[Site "Oamaru, New Zealand"]
[Date "2023.09.28"]
[Round "3.1"]
[White "Lee, Edward S"]
[Black "Lukey, Stephen G"]
[Result "1/2-1/2"]
[TimeControl "90 + 30"]
[WhiteFideId "4303229"]
[BlackFideId "4300386"]
[WhiteElo "2088"]
[BlackElo "2307"]

1. b3 e5 2. Bb2 Nc6 3. e3 d5 4.
Bb5 Bd6 5. Nf3 Qe7 6. d4 e4 7. Nfd2 Qg5 8. g3 Bg4 9. Qc1 a6 10. Bxc6+ bxc6 11. c4 Bd7 12. c5 Be7 13. f4 exf3 14.
Nxf3 Qh5 15. Ne5 Bh3 16. Qd1 Qf5 17. Qd3 Qe6 18. Nd2 Bg5 19. O-O-O Nf6 20. Bc3 O-O 21. Rde1 a5 22. a3 Rfb8 23.
Kb2 Rb7 24. Rhg1 h5 25. Ka2 Bf5 26. Qe2 Ne4 27. Nxe4 dxe4 28. Qc4 a4 29. Bb4 axb3+ 30. Kxb3 Qe8 31. Kc2 Be6 32. Qc3 Qd8 33.
Nc4 Qd5 34. Nb2 Bh3 35. Re2 Qf5 36. Rge1 Bg4 37. Rg2 Bf3 38. Rf2 h4 39. Qd2 hxg3 40. hxg3 Qg4 41. Rg1 Qe6 42. Rh2 f6 43. Qc3 Rbb8 44. Re1 Kf7 45. Qc4 Rh8 46.
Qxe6+ Kxe6 47. Rxh8 Rxh8 48. a4 Rh2+ 49. Kb3 Kd7 50. a5 Rh8 51. Nc4 Bg4 52. Nb6+ cxb6 53. cxb6 Be6+ 54. Kc3 c5 55.
dxc5 Kc6 56. a6 Bc8 57. b7 Bxb7 58. axb7 Kxb7 59. Kd4 f5 60. g4 Bf6+ 61. Kd5 Rd8+ 62. Ke6 fxg4 63. Kf5 Kc6 64. Kxe4 Kb5 65.
Rb1 Kc4 66. Ba5 Re8 67. Kf4 Kxc5 68. Kxg4 Kd5 69. Kf3 Be5 70. Rb6 Rf8+ 71. Ke2 Ra8 72. Rb5+ Ke4 73. Rxe5+ Kxe5 74. Bc3+ Ke4 75.
Bxg7 Ra2+ 76. Kd1 Kxe3 77. Kc1 Kd3 78. Kb1 Rg2 79. Bb2 Kc4 80. Be5 Kb3 81. Kc1 Ra2 82. Kd1 Rc2 83. Bf6 Rg2 84. Be5 Kc4 1/2-1/2

[Event "South Island Championships 2023"]
[Site "Oamaru, New Zealand"]
[Date "2023.09.28"]
[Round "3.6"]
[White "Williams, Matt"]
[Black "Carpinter, Anthony L"]
[Result "0-1"]
[TimeControl "90 + 30"]
[WhiteFideId "4319575"]
[BlackFideId "4300238"]
[WhiteElo "1828"]
[BlackElo "2217"]

1. d4 d5 2. Nc3 e6 3. Bf4 Bd6 4.
Qd2 Nf6 5. Nb5 Nc6 6. Nxd6+ cxd6 7. Nf3 Ne4 8. Qd3 f5 9. h4 Qb6 10. Rb1 Bd7 11. c3 Ne7 12. Ng5 h6 13. Nxe4 fxe4 14.
Qg3 O-O 15. Qh2 e5 16. Be3 Nf5 17. g4 Nxe3 18. fxe3 Bxg4 19. Bh3 Bxh3 20. Qxh3 Rf6 21. Rg1 Raf8 22. Kd2 Qb5 23. Qg4 R8f7 24.
Rg2 Qd7 25. Qg3 Qe7 26. Rbg1 Rf1 27. Qh3 Rxg1 28. Rxg1 Qd7 29. Qg2 Qf5 30. Qg3 Kf8 31. b3 a6 32. a4 Kg8 33. Rg2 Kh7 34.
Qh2 g6 35. Qg1 Rf6 36. c4 exd4 37. exd4 dxc4 38. Qa1 cxb3 39. Qc3 e3+ 40. Kc1 Qf1+ 41. Kb2 Qxg2 42. Qc7+ Kg8 43. Qd8+ Kg7 44.
Qd7+ Rf7 45. Qxd6 Qxe2+ 46. Kxb3 Qd3+ 0-1

[Event "South Island Championships 2023"]
[Site "Oamaru, New Zealand"]
[Date "2023.09.28"]
[Round "3.8"]
[White "Zhang, Kendrick Botong"]
[Black "Ong, Rommel"]
[Result "1-0"]
[TimeControl "90 + 30"]
[WhiteFideId "4307704"]
[BlackFideId "5259630"]
[WhiteElo "2067"]
[BlackElo "1852"]

1. e4 c5 2. Nf3 d6 3. d4 cxd4 4. Nxd4 Nf6 5. Nc3 a6 6. Be3 e5 7. Nb3 Be7 8. f3 Be6 9. Qd2 Nbd7 10.
O-O-O O-O 11. g4 b5 12. g5 b4 13. Nd5 Nxd5 14. exd5 Bf5 15. h4 a5 16. Kb1 a4 17. Nc1 Qa5 18.
Bh3 Bxh3 19. Rxh3 Rfc8 20. h5 b3 21. cxb3 a3 22. Qxa5 Rxa5 23. Ne2 axb2 24. Kxb2 Nc5 25. Nc3 Ra6 26.
Rh4 f5 27. gxf6 Bxf6 28. Rc4 e4 29. Bxc5 Rxc5 30. Rxc5 dxc5 31. fxe4 Kf7 32. a4 Ke7 33. Kc2 Be5 34. Nb5 Rf6 35.
d6+ Kd7 36. Rd5 Rf2+ 37. Kd3 Bf6 38. Rxc5 Rf3+ 39. Kc4 g5 40. Rf5 Rxf5 41. exf5 g4 42. Kd3 Bd8 43. Ke4 Bg5 44. f6 Bxf6 45.
Kf4 g3 46. Kxg3 h6 47. Kf4 Kc6 48.
Kf5 Bg5 49. Ke6 Kc5 50. d7 Kb4 51.
Nd4 Kc3 52. Nc6 Kxb3 53. a5 1-0

[Event "South Island Championships 2023"]
[Site "Oamaru, New Zealand"]
[Date "2023.09.28"]
[Round "3.10"]
[White "Loos, Rick"]
[Black "Coleman, Phil"]
[Result "0-1"]
[TimeControl "90 + 30"]
[WhiteFideId "0"]
[BlackFideId "4319443"]
[WhiteElo "1602"]
[BlackElo "1872"]

1. e4 c5 2. Nf3 e6 3. d4 cxd4 4. Nxd4 a6 5.
g3 Qc7 6. Bg2 Nf6 7. O-O Nc6 8. Nxc6 bxc6 9. c4 Be7 10. Nc3 O-O 11. Qe2 d6 12. Be3 Rb8 13. f4 Bb7 14. Rac1 Rfe8 15.
g4 h6 16. g5 hxg5 17. fxg5 Nh7 18. Qh5 g6 19. Rf3 gxh5 0-1

[Event "South Island Championships 2023"]
[Site "Oamaru, New Zealand"]
[Date "2023.09.28"]
[Round "3.5"]
[White "McNabb, Matthew D"]
[Black "Gold, Hamish R"]
[Result "1-0"]
[TimeControl "90 + 30"]
[WhiteFideId "4300823"]
[BlackFideId "4301579"]
[WhiteElo "2236"]
[BlackElo "1758"]

1. Nf3 d6 2. d4 Bg4 3. c3 Nd7 4. Qb3 Bxf3 5. exf3 b6 6. Bd3 e5 7. O-O c6 8. Re1 Be7 9. Nd2 Ngf6 10.
Nf1 O-O 11. Ng3 Re8 12. Bd2 Qc7 13. Rac1 Rac8 14. Bb1 Bf8 15. dxe5 dxe5 16. c4 Nc5 17. Qc2 Ne6 18. Nh5 e4 19.
Nxf6+ gxf6 20. Rxe4 Bd6 21. Bh6 Bxh2+ 22. Kh1 Bf4 23. Rxf4 Ng5 24. Rg4 Qd7 25. Qxh7# 1-0

[Event "South Island Championships 2023"]
[Site "Oamaru, New Zealand"]
[Date "2023.09.28"]
[Round "3.9"]
[White "Tao, Junqing Jerome"]
[Black "Malcolm, Leo"]
[Result "1-0"]
[TimeControl "90 + 30"]
[WhiteFideId "4313895"]
[BlackFideId "4317408"]
[WhiteElo "1634"]
[BlackElo "1876"]

1. e4 e5 2. Nf3 Nc6 3. d4 exd4 4. Bc4 Nf6 5. e5 d5 6. Bb5 Ne4 7. Nxd4 Bc5 8. Be3 O-O 9. Nxc6 bxc6 10.
Bxc5 Bb7 11. Bxf8 Qxf8 12. Bd3 Qb4+ 13. Nd2 1-0

[Event "South Island Championships 2023"]
[Site "Oamaru, New Zealand"]
[Date "????.??.??"]
[Round "4.3"]
[White "Carpinter, Anthony L"]
[Black "McNabb, Matthew D"]
[Result "0-1"]
[TimeControl "90 + 30"]
[WhiteFideId "4300238"]
[BlackFideId "4300823"]
[WhiteElo "2217"]
[BlackElo "2236"]

1. Nf3 d5 2. e3 Nf6 3. c4 e6 4. Nc3 c5 5. cxd5 exd5 6. d4 Nc6 7. Be2 Be6 8. O-O c4 9. Ne5 Bb4 10. Nxc6 bxc6 11. Bf3 Bxc3 12. bxc3 O-O 13. Qc2 Qa5 14. Bd2 Rab8 15. Rab1 Rb6 16. Rb4 Rfb8 17. Rfb1 c5 18. dxc5 Qxc5 19. h3 Ne4 20.
R1b2 Bf5 21. Qd1 Nxd2 22. Qxd2 Rxb4 23. Rxb4 Rxb4 24. cxb4 c3 25. bxc5 cxd2 26. Bd1 Kf8 27. f3 Ke7 28.
Kf2 Bd3 29. Ba4 Bb5 30. Bc2 Kd7 31. e4 d4 0-1

[Event "South Island Championships 2023"]
[Site "Oamaru, New Zealand"]
[Date "????.??.??"]
[Round "4.7"]
[White "Dolejs, Dan"]
[Black "Christie, Richie"]
[Result "0-1"]
[TimeControl "90 + 30"]
[WhiteFideId "4301692"]
[BlackFideId "4307470"]
[WhiteElo "1800"]
[BlackElo "1927"]

1. b4 d5 2. Bb2 Bf5 3. e3 e6 4. Nf3 Nf6 5. a3 Bd6 6. Bb5+ c6 7. Bd3 Bg6 8. O-O Nbd7 9. Nc3 e5 10. Bxg6 hxg6 11. Ng5 e4 12.
f4 exf3 13. Nxf3 Ne5 14. g3 Qd7 15. b5 Qh3 16. Qe2 Nxf3+ 17. Rxf3 Ng4 18. bxc6 bxc6 19. e4 Bc5+ 20. Re3 Bxe3+ 21. dxe3 Rb8 22. Na4 dxe4 23. Bxg7 Qxh2+ 24. Qxh2 Rxh2 25. c3 Rd2 26. Bd4 Nh2 27. Bf6 Nf3+ 28. Kf1 Rb5 29. g4 Ra5 30.
Rb1 Rxa4 31. Rb8+ Kd7 32. g5 Rxa3 33. Rb7+ Kc8 34. Rb1 Raa2 0-1

[Event "South Island Championships 2023"]
[Site "Oamaru, New Zealand"]
[Date "????.??.??"]
[Round "4.11"]
[White "Ong, Rommel"]
[Black "Gold, Hamish R"]
[Result "1-0"]
[TimeControl "90 + 30"]
[WhiteFideId "5259630"]
[BlackFideId "4301579"]
[WhiteElo "1852"]
[BlackElo "1758"]

1. e4 Nc6 2. d4 f5 3. d5 Ne5 4. f4 Nf7 5. e5 Nfh6 6. Nf3 c6 7. c4 Qb6 8. Nc3 d6 9. Bd3 g6 10.
Qe2 Bg7 11. h3 dxe5 12. fxe5 Qc7 13. Bf4 Nf7 14. d6 Qa5 15. O-O h6 16. a3 e6 17. b4 Qd8 18. Rac1 g5 19. Bg3 h5 20.
c5 g4 21. Nh4 Bh6 22. Nxf5 Bxc1 23. Rxc1 Qg5 24. Rf1 exf5 25. e6 Ngh6 26. exf7+ Kxf7 27. Bc4+ Kg6 28. h4 Qd8 29. Re1 Bd7 30.
Qd2 Re8 31. Ne2 Qf6 32. Nf4+ Kh7 33. Nxh5 Rxe1+ 34. Bxe1 Qe5 35. Bg3 Qa1+ 36. Kh2 Rf8 37. Qg5 Qd4 38. Bf4 g3+ 39. Kh3 Ng4 40.
Qe7+ Kg6 41. Qxf8 Nf2+ 42. Kxg3 Ne4+ 43. Kh2 Qxc4 44. Qh6+ Kf7 45. Qg7+ Ke8 46. Qe7# 1-0

[Event "South Island Championships 2023"]
[Site "Oamaru, New Zealand"]
[Date "????.??.??"]
[Round "4.8"]
[White "Coleman, Phil"]
[Black "Familton, Gregory"]
[Result "1/2-1/2"]
[TimeControl "90 + 30"]
[WhiteFideId "4319443"]
[BlackFideId "4317190"]
[WhiteElo "1872"]
[BlackElo "1751"]

1. e4 c5 2. a3 e6 3. Nf3 Nc6 4. d4 cxd4 5. Nxd4 Qc7 6.
Nc3 a6 7. Be3 b5 8. g3 Bb7 9. Bg2 Nf6 10. f4 b4 11. axb4 Bxb4 12. O-O Nxd4 13. Bxd4 Bxc3 14. Bxc3 Qd8 15. Qd4 1/2-1/2

[Event "South Island Championships 2023"]
[Site "Oamaru, New Zealand"]
[Date "????.??.??"]
[Round "4.5"]
[White "Paulsen, Jens"]
[Black "Summers, Paul G"]
[Result "1-0"]
[TimeControl "90 + 30"]
[WhiteFideId "4320476"]
[BlackFideId "3232883"]
[WhiteElo "2080"]
[BlackElo "1799"]

1. e4 e5 2. Nf3 f5 3. d4 exd4 4. e5 Nc6 5. Bc4 d5 6. exd6 Qxd6 7. O-O Be7 8. c3 Bd7 9. cxd4 O-O-O 10. Nc3 Bf6 11. Nb5 Qb4 12. Qd3 a6 13. Bd2 Qf8 14. Nxc7 Kxc7 15. Bxa6 Qd6 16. Rac1 Nge7 17. Bxb7 Nd5 18.
Qb5 Ra8 19. Rxc6+ Bxc6 20. Rc1 Ne7 21. d5 Rxa2 22. Bxc6 Rxb2 23. Ba5+ 1-0

[Event "South Island Championships 2023"]
[Site "Oamaru, New Zealand"]
[Date "????.??.??"]
[Round "4.1"]
[White "Johnson, Quentin J F"]
[Black "Stark, John"]
[Result "1/2-1/2"]
[TimeControl "90 + 30"]
[WhiteFideId "4301480"]
[BlackFideId "4300963"]
[WhiteElo "2089"]
[BlackElo "2204"]

1. d4 Nf6 2. c4 e6 3. Nc3 Bb4 4. Bd2 b6 5. Nf3 Bb7 6. e3 O-O 7. Bd3 Bxc3 8. Bxc3 Ne4 9. Bb4 d6 10.
O-O a5 11. Be1 Nd7 12. Nd2 Nxd2 13. Bxd2 f5 14. f3 Qf6 15. Bc3 Qg5 16. Qd2 Nf6 17. Rae1 Nh5 18. e4 f4 19. e5 Qh4 20.
d5 Ng3 21. Rf2 dxe5 22. Bxe5 exd5 23. Bxc7 Rf6 24. hxg3 fxg3 25. Bxg3 Qxg3 26. cxd5 Rh6 27. Bb5 Rd8 28. Re7 Qh4 29.
Rfe2 Qh1+ 30. Kf2 Qh4+ 31. g3 Qh2+ 32. Ke3 Qxg3 33. Rxb7 Qe5+ 34. Kf2 Qh2+ 35. Kf1 Qh1+ 36. Kf2 Qh4+ 37.
Kf1 Qh1+ 38. Kf2 Qh4+ 39. Kf1 Qh1+ 40. Kf2 1/2-1/2

[Event "South Island Championships 2023"]
[Site "Oamaru, New Zealand"]
[Date "????.??.??"]
[Round "4.4"]
[White "Cummings, Nick"]
[Black "Zhang, Kendrick Botong"]
[Result "1/2-1/2"]
[TimeControl "90 + 30"]
[WhiteFideId "4301218"]
[BlackFideId "4307704"]
[WhiteElo "2094"]
[BlackElo "2067"]

1. Nc3 d5 2. e4 d4 3. Nce2 c5 4. Ng3 Nc6 5. Nf3 e5 6. Bb5 Bd6 7. c3 Nge7 8. d3 a6 9. Bxc6+ Nxc6 10. Nd2 Be6 11. c4 b5 12. O-O O-O 13.
Nh1 Nb4 14. Qe2 bxc4 15. Nxc4 Bxc4 16. dxc4 Be7 17. Qg4 Qc8 18. Qxc8 Raxc8 19. Bd2 Rb8 20. f3 a5 21. Nf2 Bd6 22.
Rfc1 Rb7 23. Kf1 Rfb8 24. a4 g6 25. Bxb4 Rxb4 26. Nd3 Rb3 27. Ke2 f5 28. Rab1 Kf7 29. Rf1 Ke6 30. g4 R3b7 31.
Rg1 Rf8 32. gxf5+ gxf5 33. Rg2 Rbf7 34. Rbg1 fxe4 35. fxe4 Rf3 36. Rg3 R3f6 37. Rg7 Rh6 38. R1g2 Rff6 39. R7g3 Rh4 40. Rg4 Rh3 41.
R4g3 Rfh6 42. Rxh3 Rxh3 43. Nf2 Re3+ 44. Kd2 Be7 45. Rg3 Rxg3 46. hxg3 h5 47. Ke2 Kf6 48. Nd3 Bd6 49. Kf3 Bf8 50.
Nc1 Ke6 51. Nd3 Be7 52. Kg2 Kd6 53. Kh3 Bg5 54. Kg2 Bd8 55. b3 Be7 56. Ne1 Ke6 57. Kf3 Kf6 58. Nd3 Bf8 59. Ne1 Kg5 60.
Nd3 Bd6 61. Nf2 h4 62. Nh3+ Kh5 63. gxh4 Kxh4 64. Nf2 Bf8 65. Nd3 Bd6 66. Nf2 Be7 1/2-1/2

[Event "South Island Championships 2023"]
[Site "Oamaru, New Zealand"]
[Date "????.??.??"]
[Round "4.9"]
[White "Tao, Junqing Jerome"]
[Black "Kerr, Atlas"]
[Result "0-1"]
[TimeControl "90 + 30"]
[WhiteFideId "4313895"]
[BlackFideId "4319486"]
[WhiteElo "1634"]
[BlackElo "1853"]

1. e4 g6 2. d4 Bg7 3. Nf3 d6 4.
Bc4 Nf6 5. Nc3 O-O 6. h3 Nbd7 7. O-O c5 8. Be3 Nb6 9. Bb3 c4 10. d5 cxb3 11. axb3 e6 12. dxe6 Bxe6 13. e5 Nfd5 14.
Bxb6 Nxb6 15. exd6 a6 16. Qd2 Qd7 17. Rad1 Rfd8 18. Rfe1 Rac8 19. Ng5 Rc6 20. Nxe6 fxe6 21. Qe3 e5 22.
Ne4 Qf7 23. Qg5 Rd7 24. c4 Nc8 25. Qh4 h6 26. c5 Na7 27. Rd3 g5 28. Qg4 Rd8 29. Rf3 Qg6 30. h4 Nb5 31. hxg5 h5 32.
Qg3 Nd4 33. Rd3 Rf8 34. Nf6+ Bxf6 35.
gxf6 Qxg3 36. Rxg3+ Kf7 37. Rxe5 Kxf6 38. Rd5 Ne2+ 39. Kh2 Nxg3 40. Kxg3 Rh8 41.
b4 Ke6 42. Rg5 Rcc8 43. Rg7 Rcg8 44. Rxg8 Rxg8+ 45. Kf3 Rg4 46. b3 Rxb4 47. Kg3 Rxb3+ 48. Kh4 a5 49. Kxh5 a4 50. g4 a3 51. g5 a2 52. g6 a1=Q 53. f4 Qh8+ 54. Kg4 Qh3+ 55.
Kg5 Rg3+ 0-1

[Event "South Island Championships 2023"]
[Site "Oamaru, New Zealand"]
[Date "????.??.??"]
[Round "4.6"]
[White "Mayrhuber, Nikola"]
[Black "Mischke, Andreas"]
[Result "0-1"]
[TimeControl "90 + 30"]
[WhiteFideId "1637819"]
[BlackFideId "34649840"]
[WhiteElo "2059"]
[BlackElo "1680"]

1. d4 d5 2. c4 e6 3. Nc3 c6 4. g3 Nf6 5. Bg2 dxc4 6. Nf3 Be7 7. Ne5 c5 8. Qa4+ Nbd7 9. dxc5 Bxc5 10.
Nxc4 O-O 11. O-O Nb6 12. Qb5 Qc7 13. Nxb6 axb6 14. Bg5 Ra5 15. Qd3 Bxf2+ 16. Rxf2 Rxg5 17. Ne4 Nxe4 18. Bxe4 h5 19.
Raf1 h4 20. Kg2 f5 21. Qb3 Qe5 22. Rf4 hxg3 23. hxg3 Rf6 24. Qc4 Bd7 25. Bxb7 Bb5 26. Qc8+ Kf7 27. Bf3 Rfg6 28. Bc6 Rxg3+ 29. Kh2 Qxe2+ 30. R1f2 Qh5+ 31. Rh4 Qxh4# 0-1

[Event "South Island Championships 2023"]
[Site "Oamaru, New Zealand"]
[Date "????.??.??"]
[Round "4.2"]
[White "Lukey, Stephen G"]
[Black "Liu, William Rui"]
[Result "1-0"]
[TimeControl "90 + 30"]
[WhiteFideId "4300386"]
[BlackFideId "4313593"]
[WhiteElo "2307"]
[BlackElo "2094"]

1. d4 Nf6 2. c4 e6 3. Nf3 d5 4. g3 Bb4+ 5. Bd2 Be7 6. Bg2 O-O 7. O-O c6 8. Qc2 Nbd7 9. Rd1 b6 10.
Ne5 Bb7 11. Nc3 Rc8 12. e4 dxe4 13. Nxe4 Nxe4 14. Bxe4 Nf6 15. Bg2 Qc7 16. Bf4 Bd6 17. Qe2 Qe7 18. Rac1 c5 19. dxc5 Bxc5 20.
Bg5 Bxg2 21. Kxg2 Rfd8 22. Qf3 Rxd1 23. Rxd1 h6 24. Rd7 Nxd7 25. Bxe7 Nxe5 26. Qb7 Re8 27. Bxc5 bxc5 28. Qxa7 Nxc4 29.
Qxc5 1-0

[Event "South Island Championships 2023"]
[Site "Oamaru, New Zealand"]
[Date "????.??.??"]
[Round "5.9"]
[White "Williams, Matt"]
[Black "Coleman, Phil"]
[Result "0-1"]
[TimeControl "90 + 30"]
[WhiteFideId "4319575"]
[BlackFideId "4319443"]
[WhiteElo "1828"]
[BlackElo "1872"]

1. d4 e5 2. dxe5 d6 3. Bf4 Nc6 4. exd6 Qf6 5. Bd2 Bxd6 6. e3 Be6 7. Bb5 Nge7 8. Bc3 Qg6 9. Nf3 O-O-O 10. Nbd2 Rhe8 11. O-O h5 12. Nd4 Bh3 13. Qf3 Bg4 14. Bd3 f5 15. Nxf5 Nxf5 16. Bxf5+ Bxf5 17. e4 Bxe4 18. Nxe4 Rxe4 19. Rad1 Rg4 20. Rd3 Ne7 21. h3 Rg5 22. Bd2 Rf5 23. Qe4 Rdf8 24. Be3 Nc6 25. Rfd1 Qf6 26.
Rb3 Qe5 27. Qh4 Qh2+ 28. Kf1 Qh1+ 29. Ke2 Qxg2 30. Rxd6 cxd6 31. Rc3 Qf3+ 32. Ke1 Rd5 33. Bd2 Re8+ 0-1

[Event "South Island Championships 2023"]
[Site "Oamaru, New Zealand"]
[Date "????.??.??"]
[Round "5.8"]
[White "Holdo, Karl"]
[Black "Cummings, Nick"]
[Result "1/2-1/2"]
[TimeControl "90 + 30"]
[WhiteFideId "4304586"]
[BlackFideId "4301218"]
[WhiteElo "1551"]
[BlackElo "2094"]

1. d4 f5 2. Nf3 e6 3. c4 Nf6 4. Nc3 b6 5. e3 Bb7 6. Be2 Be7 7. b3 O-O 8. Bb2 Qe8 9. O-O h6 10.
d5 exd5 11. Nxd5 Nxd5 12. cxd5 Bd6 13. Qd4 Qe7 14. Rfd1 Ba6 15. Rd2 Rf7 16. Rc1 Bxe2 17. Rxe2 c5 18. Qc4 Qd8 19. e4 fxe4 20.
Rxe4 Re7 21. Rxe7 Qxe7 22. Re1 Qf7 23. Re4 a5 24. Rg4 Bf8 25. Ne5 Qf5 26. d6+ Kh7 27. Nd3 Nc6 28. Rf4 Qg6 29.
Rg4 Qf5 30. Rf4 Qg6 31. Rg4 Qf5 32. Rf4 1/2-1/2

[Event "South Island Championships 2023"]
[Site "Oamaru, New Zealand"]
[Date "????.??.??"]
[Round "5.1"]
[White "Stark, John"]
[Black "Lukey, Stephen G"]
[Result "1/2-1/2"]
[TimeControl "90 + 30"]
[WhiteFideId "4300963"]
[BlackFideId "4300386"]
[WhiteElo "2204"]
[BlackElo "2307"]

1. e4 c5 2. Nf3 Nc6 3. g3 g6 4. Bg2 Bg7 5. O-O d6 6. d3 e6 7. Nbd2 Nge7 8. Re1 O-O 9. Nf1 Bd7 10.
c3 e5 11. Be3 Rc8 12. h3 Kh8 13. d4 cxd4 14. cxd4 exd4 15. Nxd4 Ne5 1/2-1/2

[Event "South Island Championships 2023"]
[Site "Oamaru, New Zealand"]
[Date "????.??.??"]
[Round "5.11"]
[White "Malcolm, Leo"]
[Black "Ha, Timothy Huy Minh"]
[Result "1/2-1/2"]
[TimeControl "90 + 30"]
[WhiteFideId "4317408"]
[BlackFideId "12417246"]
[WhiteElo "1876"]
[BlackElo "1843"]

1. e4 e5 2. f4 exf4 3. Bc4 Qh4+ 4. Kf1 d6 5. d4 g5 6. Nc3 c6 7. a4 Bg7 8. g3 fxg3 9. Qf3 g2+ 10.
Qxg2 Qg4 11. Qf2 Be6 12. d5 cxd5 13. h3 Qh4 14. Qxh4 gxh4 15. exd5 Bf5 16. Bf4 Be5 17. Re1 f6 18.
Nf3 Nd7 19. Nb5 Kf8 20. Nxd6 Bxf4 21. Nxf5 Ne5 22. N3d4 Bg3 23. Ne6+ Kf7 24. Re4 Ne7 25. Nxh4 Nxc4 26. Rxc4 Nxd5 1/2-1/2

[Event "South Island Championships 2023"]
[Site "Oamaru, New Zealand"]
[Date "????.??.??"]
[Round "5.10"]
[White "Ong, Rommel"]
[Black "Lee, Dylan E S"]
[Result "1-0"]
[TimeControl "90 + 30"]
[WhiteFideId "5259630"]
[BlackFideId "4310098"]
[WhiteElo "1852"]
[BlackElo "1192"]

1. e4 c6 2. d4 d5 3. Nd2 dxe4 4. Nxe4 Nf6 5. Nxf6+ exf6 6. c3 Bd6 7. Bd3 Qc7 8. Qc2 g6 9.
Bh6 Be6 10. Bg7 Rg8 11. Bxf6 Nd7 12. Bh4 f6 13. Ne2 O-O-O 14. O-O-O Bxa2 15. Qa4 Bd5 16. Qxa7 Bxg2 17. Rhg1 Bf3 18.
Bg3 Bxg3 19. hxg3 f5 20. Rde1 Rde8 21. Nf4 Nf6 22. Bc4 Bd5 23. Ne6 Qb8 24. Qxb8+ Kxb8 25. Bxd5 Nxd5 26. Kd2 Re7 27. Ng5 h5 28. Rxe7 Nxe7 29. Re1 Nd5 30. c4 Nf6 31. Re6 Ng4 32. f3 Nh2 33.
Ke1 Rd8 34. Re2 Rxd4 35. Rxh2 Rxc4 36. Rd2 h4 37. gxh4 Rxh4 38. Ke2 Rh2+ 39. Ke3 Rxd2 40. Kxd2 Kc7 41. Ke3 Kd6 42. f4 Kc5 43.
Kd3 Kb4 44. Ne6 Kb3 45. Nc5+ Kxb2 46. Nxb7 Kc1 47. Nd8 Kd1 48. Nxc6 Ke1 49. Ke3 Kf1 50. Ne7 Kg2 51. Nxg6 Kh3 52. Kf3 Kh2 53. Ne7 Kh3 54. Nxf5 Kh2 55. Ne3 Kh3 56. f5 Kh2 57.
f6 Kh1 58. f7 Kg1 59. f8=Q Kh1 60. Qh6+ Kg1 61. Qg5+ Kh2 62. Qg2+ 1-0

[Event "South Island Championships 2023"]
[Site "Oamaru, New Zealand"]
[Date "????.??.??"]
[Round "5.5"]
[White "Mischke, Andreas"]
[Black "Paulsen, Jens"]
[Result "0-1"]
[TimeControl "90 + 30"]
[WhiteFideId "34649840"]
[BlackFideId "4320476"]
[WhiteElo "1680"]
[BlackElo "2080"]

1. e4 c5 2. Nc3 d6 3. Bc4 Nf6 4. f4 e6 5. e5 Nfd7 6. Nf3 a6 7. a4 dxe5 8. fxe5 Nc6 9. Qe2 Qc7 10.
O-O Ncxe5 11. Ng5 Nf6 12. Nce4 Be7 13. d3 Nxe4 14. Qxe4 Bxg5 15. Bxg5 Nxc4 16. Qxc4 O-O 17. Be3 Bd7 18.
Qxc5 Bc6 19. Bd4 f6 20. Qc4 Qd7 21. Bc5 Rfc8 22. Qd4 Qf7 23. Qf2 Rd8 24. d4 Rd5 25. Qe3 Re8 26. c4 Rh5 27.
b4 Qc7 28. g3 b6 29. b5 Ba8 30. Bb4 Qxc4 31. Qc3 Qd5 32. Kf2 Rxh2+ 33. Ke1 Qe4+ 0-1

[Event "South Island Championships 2023"]
[Site "Oamaru, New Zealand"]
[Date "????.??.??"]
[Round "5.7"]
[White "Familton, Gregory"]
[Black "Carpinter, Anthony L"]
[Result "1-0"]
[TimeControl "90 + 30"]
[WhiteFideId "4317190"]
[BlackFideId "4300238"]
[WhiteElo "1751"]
[BlackElo "2217"]

1. e4 e6 2. Nc3 d5 3. Nf3 Nf6 4. e5 Nfd7 5. d4 c5 6. dxc5 Nc6 7. Bf4 f6 8. exf6 Qxf6 9. Bg5 Qf7 10. Bd3 Nxc5 11. O-O Bd6 12.
Re1 O-O 13. Bh4 h6 14. Bg3 Bf4 15. Bb5 Bxg3 16. hxg3 Bd7 17. a3 a6 18. Bxc6 Bxc6 19. Qe2 Rfe8 20. Ne5 Qc7 21. Nxc6 bxc6 22.
Qg4 e5 23. Re2 Re7 24. Rae1 Rae8 25. Nd1 Nd7 26. Ne3 Nf6 27. Qg6 Ne4 28. Nf5 Re6 29. Qg4 Rf6 30. c4 Ref8 31. cxd5 cxd5 32.
Ne3 Qc5 33. f3 Ng5 34. Qb4 Qxb4 35. axb4 Rd6 36. Rd1 Rfd8 37. Nf5 Re6 38. f4 Ne4 39. Rxe4 Kf7 40. Rxe5 Rxe5 41. fxe5 Ke6 42.
Nxg7+ Kxe5 43. Nh5 Rb8 44. Nf4 Rb5 45. Kf2 Ke4 46. Nd3 a5 47. bxa5 Rxa5 48. Nb4 Rb5 49. Nxd5 Rxb2+ 50. Kg1 Kf5 51.
Ne3+ Ke4 52. Re1 Kd3 53. Ng4 Rb6 54. Rf1 h5 55.
Rf3+ Ke2 56. Nf6 Rb5 57. Kh2 Ke1 58. Kh3 Ra5 59. Kh4 Ra2 60. Nxh5 Rxg2 61. Kg5 Ke2 62. Rf8 1-0

[Event "South Island Championships 2023"]
[Site "Oamaru, New Zealand"]
[Date "????.??.??"]
[Round "5.3"]
[White "Liu, William Rui"]
[Black "Christie, Richie"]
[Result "1/2-1/2"]
[TimeControl "90 + 30"]
[WhiteFideId "4313593"]
[BlackFideId "4307470"]
[WhiteElo "2094"]
[BlackElo "1927"]

1. e4 Nf6 2. e5 Nd5 3. d4 d6 4. c4 Nb6 5. exd6 cxd6 6. Nc3 g6 7. Be3 Bg7 8. Rc1 O-O 9. b3 f5 10.
f4 e5 11. dxe5 dxe5 12. Qxd8 Rxd8 13. c5 exf4 14. Bxf4 Bxc3+ 15. Rxc3 Nd5 16. Bc4 Be6 17. Rd3 Bf7 18. Bxd5 Rxd5 19.
Rxd5 Bxd5 20. Kf2 Na6 21. Bd6 Rc8 22.
Nf3 Nxc5 23. Ke3 Ne4 24. Rd1 Bxb3 25. axb3 Rd8 26. Ra1 Nxd6 27. Rxa7 Re8+ 28. Kd3 h6 29. Ra5 Re7 30. h4 Kg7 31. Rd5 Ne4 32. Rb5 Nf2+ 33.
Kd4 Ng4 34. h5 Rd7+ 35. Kc3 Rf7 36. Nh4 gxh5 37. Nxf5+ Kg6 38. Nh4+ Kg7 39. Nf5+ Kg6 40. Nh4+ Kg7 41. Rxh5 Nf6 42.
Rb5 Ne4+ 43. Kd3 Nd6 44. Rd5 Rf6 45. g4 Kf7 46. Ke3 Ke6 47. Rd1 Rf7 48. Nf3 Rf8 49. Rh1 Rf6 50. Nd4+ Kf7 51.
Rh5 Ke7 52. Rc5 Kd7 53. Re5 Nf7 54.
Rd5+ Rd6 55. Rb5 b6 56. Nf5 Re6+ 57. Kf4 Rf6 58. Rd5+ Kc6 59. Rd1 Kb5 60. Rd4 Kc5 61. Rc4+ Kd5 1/2-1/2

[Event "South Island Championships 2023"]
[Site "Oamaru, New Zealand"]
[Date "????.??.??"]
[Round "5.2"]
[White "McNabb, Matthew D"]
[Black "Johnson, Quentin J F"]
[Result "1/2-1/2"]
[TimeControl "90 + 30"]
[WhiteFideId "4300823"]
[BlackFideId "4301480"]
[WhiteElo "2236"]
[BlackElo "2089"]

1. d4 d5 2. c4 e6 3. Nc3 Be7 4. Nf3 Nf6 5. Bf4 O-O 6. e3 c5 7. dxc5 Bxc5 8. Be2 dxc4 9. Bxc4 a6 10.
O-O b5 11. Bb3 Bb7 12. Qe2 Nbd7 13. Rac1 Rc8 14. Rfd1 Qe7 15. Bc2 Rfd8 16. Bb1 e5 17. Bg5 h6 18. Bh4 e4 19. Nd2 Qe6 20.
Ncxe4 Bxe4 21. Nxe4 Be7 22. Nxf6+ Bxf6 23. Bxf6 Nxf6 24. h3 Rxc1 25. Rxc1 Qd6 26. Re1 g6 27. Bc2 Qb4 28. Rd1 Rxd1+ 29. Bxd1 Ne4 30. a3 Qd6 31. Bc2 Nc5 32. Qd1 Qc7 33. Qd5 Ne6 34. Qd3 a5 35. Bb3 Qc1+ 36. Kh2 Qxb2 37. Bxe6 Qe5+ 38.
g3 Qxe6 39. Qxb5 Qa2 40. Qe8+ Kg7 41. Qe5+ Kg8 42. Qe8+ Kg7 43. Qe5+ Kg8 44. Qe8+ 1/2-1/2

[Event "South Island Championships 2023"]
[Site "Oamaru, New Zealand"]
[Date "????.??.??"]
[Round "5.4"]
[White "Kerr, Atlas"]
[Black "Lee, Edward S"]
[Result "0-1"]
[TimeControl "90 + 30"]
[WhiteFideId "4319486"]
[BlackFideId "4303229"]
[WhiteElo "1853"]
[BlackElo "2088"]

1. b4 d5 2. Bb2 Qd6 3. a3 e5 4. e3 Be6 5. Nf3 f6 6. d3 Be7 7. h4 Nh6 8. Nbd2 Nd7 9. c4 c6 10.
c5 Qc7 11. e4 d4 12. Be2 a5 13. Nh2 b6 14. cxb6 Qxb6 15. Nc4 Bxc4 16. dxc4 axb4 17. a4 Nc5 18. Bd3 O-O 19. g4 Ra5 20.
f4 Rfa8 21. fxe5 fxe5 22. g5 Nf7 23. O-O Nxa4 24. Qh5 g6 25. Qf3 Rf8 26. c5 Qxc5 27. Rxa4 Rxa4 28. Rc1 Qd6 29. Bc4 Kg7 30.
Qg3 h6 31. Nf3 h5 32. Kg2 Ra5 33. Nd2 Nd8 34. Qh3 Rf4 35. Be2 Ra2 36. Nc4 Qe6 37. Qg3 Rxe4 38. Bf3 Rf4 39. Rc2 b3 40.
Nxe5 Qxe5 41. Re2 Qd6 42. Rxe7+ Qxe7 43. Qxf4 Rxb2+ 44. Kg3 Nf7 0-1